 Dungeon Crawl Stone Soup version 0.31-a0-176-g91f28db67f (webtiles) character file.

Game seed: 16864185013749630374

93 qw the Chopper (level 4, -17/28 HPs)
             Began as a Gargoyle Fighter on June 17, 2023.
             Demolished by an ogre
             ... wielding a +0 giant spiked club
              (28 damage)
             ... on level 3 of the Dungeon.
             The game lasted 00:00:58 (2476 turns).

qw the Chopper (Gargoyle Fighter)                   Turns: 2476, Time: 00:00:59

Health: -17/28     AC: 11    Str: 22    XL:     4   Next: 61%
Magic:  4/4        EV:  9    Int:  8    God:
Gold:   131        SH:  4    Dex:  9    Spells: 3/3 levels left

rFire   . . .        Y - +0 war axe
rCold   . . .        c - +0 buckler
rNeg    + . .        b - +0 scale mail
rPois   inf          j - +0 helmet
rElec   +            (no cloak)
rCorr   .            (no gloves)
SInv    .            (no boots)
Will    .....        (no amulet) Stlth
                     (no ring)
HPRegen 0.24/turn    (no ring)
MPRegen 0.09/turn

%: no passive effects
@: no status effects
A: sickness immunity, AC +3, negative energy resistance 1, electricity
resistance, torment resistance 1, petrification resistance
a: no special abilities


You were on level 3 of the Dungeon.
You visited 1 branch of the dungeon, and saw 3 of its levels.

You collected 131 gold pieces.


Innate Abilities, Weirdness & Mutations

You are immune to sickness and miasma.
Your stone body is resilient. (AC +3)
You are immune to poison.
You resist negative energy. (rN+)
You are resistant to electric shocks. (rElec)
You are resistant to unholy torment.
You are immune to petrification.


   Skills:
 - Level 3.2 Fighting
 + Level 4.2 Axes
 - Level 3.2 Armour
 - Level 3.2 Shields


You had 3 spell levels left.
You didn't know any spells.
Your spell library was empty.

Inventory:

Hand Weapons
 f - a +0 mace
 Y - a +0 war axe (weapon)
Armour
 b - a +0 scale mail (worn)
 c - a +0 buckler (worn)
 j - a +0 helmet (worn)
Jewellery
 h - a ring of fire
Scrolls
 a - 2 scrolls of identify
 i - a scroll of vulnerability {unknown}
 l - a scroll of silence {unknown}
 m - a scroll of brand weapon {unknown}
Potions
 d - a potion of might
 e - a potion of heal wounds
 g - a potion of mutation
 k - 2 potions of enlightenment {unknown}

Dungeon Overview and Level Annotations

Branches:
Dungeon (3/15)

Altars:


Message History

Enter note:
Enter note: You barely miss the goblin.
You closely miss the goblin. x2
The goblin hits you with a +0 dagger. The goblin hits you but does no damage.
You closely miss the goblin. You barely miss the goblin.
You block the goblin's attack. The goblin hits you but does no damage.
You slash the goblin!
You kill the goblin!
You barely miss the goblin. The goblin hits you but does no damage.
You closely miss the goblin. You barely miss the goblin.
You block the goblin's attack. The goblin hits you but does no damage.
You hit the goblin.
You kill the goblin!
You slash the goblin!
You kill the goblin!
The goblin unwields a +0 dagger.
The goblin wields a +0 sling.
The goblin shoots a sling bullet.
The sling bullet hits you but does no damage.
You hit the goblin.
You kill the goblin!
The goblin hits you but does no damage.
You slash the goblin!
You kill the goblin!
The goblin shoots a sling bullet.
The sling bullet closely misses you.
You slash the ogre!
The ogre is moderately wounded.
The ogre hits you with a +0 giant spiked club!
You barely miss the ogre.
The ogre is moderately wounded.
The ogre hits you with a +0 giant spiked club!
You closely miss the ogre.
The ogre is moderately wounded.
The ogre barely misses you.
You slash the ogre!
The ogre is severely wounded.
The ogre hits you with a +0 giant spiked club!!
Ouch! That really hurt!
You die...

###........#.#...................
.......#...#.#.#####.#######.....
###.#..#.#.#.#.# #.# #.....
.##.#.........######.# #.....
.........#.#.##...##.##### #.....
..............#.(.#......#####+#'
.........#..###ggg##.###.#.......
....#)#..#....##O##....#+#.......
#####.#.##..###)@###.#...........
......#...........##.#....####'#+
#######.....#####.##.##...# #.#.
#>##### #.##.##...# #.#.
####+#########.##'##..<# #.#.
#.............[........####'#.
####..........###.........#......
..............###.........+......
..##..........+...........#......


You could see an ogre and 3 goblins.

Vanquished Creatures
  Jessica (D:2)
  An adder (D:2)
  2 dart slugs
  5 endoplasms
  A giant cockroach (D:1)
  9 goblins
  6 hobgoblins
  4 jackals (D:3)
  4 kobolds
  4 quokkas
  2 ball pythons (D:1)
  2 bats
  5 frilled lizards
  4 rats
50 creatures vanquished.

Notes
Turn   | Place    | Note
-------+----------+-------------------------------------------
     0 | D:1      | qw the Gargoyle Fighter began the quest for the Orb.
     0 | D:1      | Reached XP level 1. HP: 14/14 MP: 1/1
     0 | D:1      | 0 ||| qw: Version: 0.3-a-5-g6f28e65
     0 | D:1      | 0 ||| qw: Game counter: 447
     0 | D:1      | 0 ||| qw: Always use a shield: true
     0 | D:1      | 0 ||| qw: God list: Okawaru
     0 | D:1      | 0 ||| qw: Allow faded altars: false
     0 | D:1      | 0 ||| qw: Do Orc after D:15 true
     0 | D:1      | 0 ||| qw: Do second Lair branch before Depths: true
     0 | D:1      | 0 ||| qw: Lair rune preference: random
     0 | D:1      | 0 ||| qw: Plans: Normal, Zot:1-4, Slime:5, God:TSO, Crypt,
                  | Tomb, Abyss, Pan, Hells, Win
     0 | D:1      | 0 ||| PLANNING D:1-11
    99 | D:1      | Reached skill level 2 in Axes
   216 | D:1      | 216 ||| Stepping ~*~*~tactically~*~*~ (stealth).
   233 | D:1      | Reached XP level 2. HP: 10/19 MP: 2/2
   732 | D:1      | Reached skill level 3 in Axes
   867 | D:1      | 867 ||| READING scroll labelled SIRYENG JUMIN.
   868 | D:1      | 868 ||| READING scroll labelled YCINYV FIMITON.
   909 | D:2      | Reached XP level 3. HP: 23/23 MP: 3/3
  1008 | D:2      | 1008 ||| Stepping ~*~*~tactically~*~*~ (stealth).
  1009 | D:2      | 1009 ||| Stepping ~*~*~tactically~*~*~ (stealth).
  1025 | D:2      | 1025 ||| Stepping ~*~*~tactically~*~*~ (hiding).
  1137 | D:2      | Found a faded altar of an unknown god.
  1138 | D:2      | 1138 ||| Stepping ~*~*~tactically~*~*~ (stealth).
  1139 | D:2      | 1139 ||| Stepping ~*~*~tactically~*~*~ (stealth).
  1346 | D:2      | Noticed Jessica
  1347 | D:2      | 1347 ||| Stepping ~*~*~tactically~*~*~ (hiding).
  1359 | D:2      | 1359 ||| Stepping ~*~*~tactically~*~*~ (hiding).
  1360 | D:2      | 1360 ||| Stepping ~*~*~tactically~*~*~ (hiding).
  1361 | D:2      | 1361 ||| Stepping ~*~*~tactically~*~*~ (hiding).
  1365 | D:2      | Killed Jessica
  1366 | D:2      | Reached XP level 4. HP: 26/28 MP: 4/4
  1459 | D:2      | Reached skill level 4 in Axes
  1667 | D:2      | 1667 ||| UPGRADING to +0 helmet.
  1672 | D:2      | 1672 ||| READING scroll labelled NYASIUMYU CIGA.
  1673 | D:2      | 1673 ||| DRINKING 2 grey potions.
  1674 | D:2      | 1674 ||| DRINKING 2 fuming orange potions.
  1678 | D:2      | 1678 ||| READING 3 scrolls of identify.
  1678 | D:2      | 1678 ||| IDENTIFYING fizzy yellow potion
  1679 | D:2      | 1679 ||| DROPPING potion of ambrosia.
  1721 | D:3      | Identified the +9 falchion of Forgiveness {heavy, Str+2}
  2464 | D:3      | Noticed an ogre
  2476 | D:3      | Demolished by an ogre

Levels and vault maps discovered:
D:1:      dpeg_arrival_connections, layout_loops_corners
D:2:      layout_loops_ring, dreamdust_ecumenical_altar_angels_and_demons,
          kennysheep_jessica_study
D:3:      layout_basic, minmay_ogre_servants

Skill      XL: |  1  2  3  4 |
---------------+-------------+-----
Axes           | 2 3 4 |  4.2
Fighting       | |  3.2
Armour         | |  3.2
Shields        | |  3.2

Action                     |  1- 3 |  4- 6 || total
---------------------------+-------+-------++-------
  Melee: War axe           |    72 |    70 ||   142
    Use: Scroll            |     2 |     2 ||     4
         Potion            |       |     2 ||     2
 Armour: Scale mail        |    34 |    31 ||    65
  Dodge: Dodged            |    18 |    24 ||    42
  Block: Buckler           |    18 |    18 ||    36

Table legend:
 A = Non-vault XP
 B = Vault XP
 C = Vault XP percentage of total XP
 D = Non-vault monster count
 E = Vault monster count
 F = Vault count percentage of total count
                 A         B        C        D         E       F
            +---------+---------+-------+---------+---------+-------
      Total |      84 |      49 |  36.8 |      43 |       7 |  14.0
            +---------+---------+-------+---------+---------+-------
        D:1 |      32 |       0 |   0.0 |      19 |       0 |   0.0
        D:2 |      31 |      39 |  55.7 |      11 |       2 |  15.4
        D:3 |      21 |      10 |  32.3 |      13 |       5 |  27.8
            +---------+---------+-------+---------+---------+-------
